 Dungeon Crawl Stone Soup version 0.21.1-1-g345015f (webtiles) character file.

1704 sankara the Grappler (level 8, 0/79 HPs)
             Began as a Troll Monk on Apr 2, 2018.
             Was a Believer of Yredelemnul.
             Slain by a wraith (11 damage)
             ... on level 6 of the Dungeon.
             The game lasted 00:15:11 (5454 turns).

sankara the Grappler (Troll Monk)                   Turns: 5454, Time: 00:15:12

Health: 0/79       AC:  6    Str: 22    XL:     8   Next: 73%
Magic:  7/7        EV: 11    Int:  6    God:    Yredelemnul [**....]
Gold:   403        SH:  0    Dex: 12    Spells: 7/7 levels left

rFire    + . .     SeeInvis .     - Unarmed
rCold    + . .     Gourm    +   (no shield)
rNeg     . . .     Faith    .   a - +0 robe
rPois    .         Spirit   .   (helmet restricted)
rElec    .         Reflect  .   h - +0 cloak
rCorr    .         Harm     .   (gloves unavailable)
MR       .....                  (boots unavailable)
Stlth    ++........             v - amulet of magic regeneration
HPRegen  0.63/turn              z - ring of protection from fire {rF+, !d}
MPRegen  0.35/turn              B - ring of protection from cold (curse) {rC+, !d}

@: slowed, very slow
A: large, unfitting armour, claws 3, fast metabolism 3, gourmand, regeneration
1, shaggy fur 1, tough skin 2
a: Animate Remains, Recall Undead Slaves, Injury Mirror, Renounce Religion


You were on level 6 of the Dungeon.
You worshipped Yredelemnul.
Yredelemnul was pleased with you.
You were not hungry.

You visited 2 branches of the dungeon, and saw 8 of its levels.

You collected 403 gold pieces.

Inventory:

Missiles
 k - 156 stones (quivered)
 n - 21 sling bullets
 r - 3 tomahawks
Armour
 a - a +0 robe (worn)
 h - a +0 cloak (worn)
   (You found it on level 1 of the Dungeon)
Jewellery
 q - an uncursed ring of teleportation {+/*tele, !d}
   (You found it on level 3 of the Dungeon)
 v - an amulet of magic regeneration (around neck)
   (You found it on level 6 of the Dungeon)
 z - a ring of protection from fire (left claw) {rF+, !d}
   (You found it on level 5 of the Dungeon)
 B - a cursed ring of protection from cold (right claw) {rC+, !d}
   (You found it on level 6 of the Dungeon)
Wands
 o - a wand of enslavement (7)
   (You found it on level 3 of the Dungeon)
 x - a wand of iceblast (6)
   (You found it on level 5 of the Dungeon)
 y - a wand of disintegration (18)
   (You found it on level 5 of the Dungeon)
Scrolls
 e - a scroll of random uselessness {unknown}
 f - 2 scrolls of fear {unknown}
 g - 3 scrolls of identify {unknown}
 i - a scroll of amnesia
 p - a scroll of teleportation {unknown}
 t - a scroll of magic mapping {unknown}
 u - a scroll of enchant weapon {unknown}
 w - a scroll of noise {unknown}
 A - 2 scrolls of immolation {unknown}
Potions
 c - a potion of agility {unknown}
 d - a potion of ambrosia {unknown}
 j - a potion of magic {unknown}
 l - 3 potions of mutation {unknown}
 m - 2 potions of brilliance {unknown}
 s - 2 potions of resistance
Comestibles
 b - 8 rations
 C - 3 chunks of flesh {@w0}


   Skills:
 - Level 4.3 Fighting
 - Level 4.0 Dodging
 - Level 2.3 Stealth
 + Level 9.4 Unarmed Combat


You had 7 spell levels left.
You didn't know any spells.

Dungeon Overview and Level Annotations

Branches:
Dungeon (7/15)             Temple (1/1) D:4

Altars:
Ashenzari
Cheibriados
Elyvilon
Fedhas
Gozag
Hepliaklqana
Kikubaaqudgha
Makhleb
Nemelex Xobeh
Okawaru
Qazlal
Sif Muna
Trog
Uskayaw
Vehumet
Wu Jian
Xom
Yredelemnul
Zin
The Shining One

Shops:
D:5 *[

Annotations:
D:6 2 transporters


Innate Abilities, Weirdness & Mutations

You are too large for most types of armour.
You have claws for hands.
Your metabolism is lightning-fast.
You like to eat raw meat.
Your natural rate of healing is unusually fast.
You are covered in fur. (AC +1)
You have very tough skin. (AC +2)


Message History

You kill the worker ant!
Yredelemnul accepts your kill.
A bullfrog comes into view.
The bullfrog gives a loud, deep croak!
You hear a shout!
The hungry ghost closely misses you.
You barely miss the hungry ghost. The hungry ghost closely misses you.
You closely miss the hungry ghost. The bullfrog misses you.
The hungry ghost barely misses you.
A wraith comes into view.
You closely miss the hungry ghost. Your claw misses the hungry ghost.
The bullfrog closely misses you.
You miss the hungry ghost. The bullfrog barely misses you.
The hungry ghost hits you.
The wraith moves out of view.
The bullfrog hits you but does no damage.
An orc comes into view.
You closely miss the hungry ghost.
The orc shouts!
You hear a shout!
The hungry ghost hits you.
The bullfrog hits you but does no damage.
You claw the hungry ghost!
The hungry ghost is moderately damaged.
The bullfrog barely misses you. The hungry ghost misses you.
You claw the hungry ghost!
The hungry ghost is severely damaged.
The bullfrog closely misses you. The hungry ghost hits you.
You feel a lot more hungry.
You miss the hungry ghost. Your claw misses the hungry ghost.
The hungry ghost is severely damaged.
The bullfrog barely misses you.
An orc comes into view. It is wielding a mace.
The orc shouts!
You mangle the hungry ghost!!
You destroy the hungry ghost!
Yredelemnul accepts your kill.
Your Unarmed Combat skill increases to level 9!
The bullfrog hits you. The wraith hits you. The wraith drains your vigour!
You feel yourself slow down.
The bullfrog hits you but does no damage.
An orc wizard comes into view. It is wielding a dagger.
You scratch the wraith but do no damage.
The wraith hits you! The wraith drains your vigour!
You feel as though you will be slow longer.
The bullfrog misses you. The bullfrog hits you. The wraith hits you!
You are too injured to fight recklessly!
You are too injured to fight recklessly!
You are too injured to fight recklessly!
The bullfrog closely misses you.
The orc wizard moves out of view.
The bullfrog hits you.
An orc priest comes into view. It is wielding a short sword.
The bullfrog hits you! x2
The bullfrog hits you but does no damage.
The bullfrog closely misses you. The bullfrog closely misses you.
The bullfrog hits you but does no damage.
The bullfrog completely misses you.
You claw the bullfrog!
The bullfrog is heavily wounded.
The bullfrog hits you but does no damage.
The bullfrog hits you!
You mangle the bullfrog!!
You kill the bullfrog!
Yredelemnul accepts your kill.
You fail to use your ability.
The wraith hits you!
You fail to use your ability.
The wraith hits you!
* * * LOW HITPOINT WARNING * * *
The wraith closely misses you.
The orc wizard casts a spell.
The orc wizard seems to speed up.
The wraith barely misses you. The wraith closely misses you.
An adder comes into view.
The orc wizard gestures wildly while chanting.
The orc wizard flickers and vanishes!
Deactivating autopickup; reactivate with Ctrl-A.
The adder moves out of view.
The wraith hits you. The wraith drains your vigour!
You feel as though you will be slow longer.
Something hits you but does no damage. Something hits you but does no damage.
The wraith hits you!
* * * LOW HITPOINT WARNING * * *
The wraith drains your vigour!
You feel as though you will be slow longer.
A magic dart appears from out of thin air!
The magic dart hits you!
* * * LOW HITPOINT WARNING * * *
You hear some strange, mumbled words.
A puff of frost appears from out of thin air!
The puff of frost hits you! You resist.
* * * LOW HITPOINT WARNING * * *
There is a stone staircase leading up, spattered with blood here.
The wraith hits you.
* * * LOW HITPOINT WARNING * * *
The wraith drains your vigour!
You feel as though you will be slow longer.
You climb upwards.
Level annotation: 2 transporters
There is a stone staircase leading down here.
The wraith hits you!
You die...
Your body rises from the dead as a mindless zombie.

.....##...........r.##
....####....♣._.♣....#
....# ##............#
....# ###≈..♣..≈#.###
....## #≈≈...≈≈#.#.#
.....# ###...###.#.#
.....## ###...r####..##
......###...........##
................@...#
...............W.)..#
......####..........#
.......#............#
....................#
....................##
.....................##
.###..........>.......#
.##...................##


You could see a wraith and a neutral quokka (wandering).

Vanquished Creatures
  A hippogriff (D:6)
  The ghost of Supreme the Digger, an amateur GrEE (D:4)
  A hungry ghost (D:7)
  An ice beast (D:6)
  2 sky beasts
  An ogre (D:4)
  3 bullfrogs
  2 crimson imps
  A hound (D:4)
  A bullfrog skeleton (D:5)
  An orc wizard (D:4)
  4 orc priests (D:4)
  2 iguanas
  6 worker ants
  5 adders
  5 gnolls
  An ooze (D:2)
  3 adder skeletons
  6 worms
  A dart slug (D:1)
  2 leopard geckos
  8 orcs
  8 bats
  6 giant cockroaches
  7 goblins
  5 hobgoblins
  A jackal (D:1)
  5 kobolds
  A quokka (D:4)
  3 ball pythons
  3 frilled lizards
  2 jackal skeletons (D:4)
  A quokka skeleton (D:5)
  A quokka zombie (D:5)
  11 rats
112 creatures vanquished.

Notes
Turn   | Place    | Note
-------+----------+-------------------------------------------
     0 | D:1      | sankara the Troll Monk began the quest for the Orb.
     0 | D:1      | Reached XP level 1. HP: 22/22 MP: 0/0
   143 | D:1      | Reached XP level 2. HP: 29/29 MP: 1/1
   578 | D:1      | Reached XP level 3. HP: 36/36 MP: 2/2
  1285 | D:2      | Reached skill level 3 in Dodging
  1285 | D:2      | Reached XP level 4. HP: 44/44 MP: 3/3
  1509 | D:2      | Reached skill level 3 in Fighting
  1813 | D:3      | Reached XP level 5. HP: 53/53 MP: 4/4
  1942 | D:3      | Found a glowing golden altar of the Shining One.
  2017 | D:3      | Found a snail-covered altar of Cheibriados.
  2046 | D:3      | Found an ornate altar of the Wu Jian Council.
  2054 | D:3      | Found an opulent altar of Gozag.
  2088 | D:3      | Found a shimmering altar of Xom.
  2196 | D:3      | Found a stormy altar of Qazlal.
  2342 | D:3      | Noticed a moth of wrath
  2345 | D:3      | Found a bloodstained altar of Trog.
  2520 | D:4      | Reached skill level 4 in Unarmed Combat
  2600 | D:4      | Reached skill level 2 in Stealth
  2603 | D:4      | Reached XP level 6. HP: 31/61 MP: 5/5
  2808 | D:4      | Found a staircase to the Ecumenical Temple.
  2835 | Temple   | Entered the Ecumenical Temple
  3010 | Temple   | Became a worshipper of Yredelemnul the Dark
  3010 | Temple   | Reached * piety under Yredelemnul
  3010 | Temple   | Reached ** piety under Yredelemnul
  3155 | D:4      | Reached skill level 4 in Dodging
  3155 | D:4      | Reached XP level 7. HP: 62/68 MP: 6/6
  3287 | D:4      | Noticed Supreme's ghost (amateur GrEE)
  3300 | D:4      | Killed Supreme's ghost
  3300 | D:4      | Reached skill level 4 in Fighting
  3300 | D:4      | Reached skill level 5 in Unarmed Combat
  3310 | D:4      | Found an iron altar of Okawaru.
  3415 | D:4      | Found a burning altar of Makhleb.
  3748 | D:5      | Entered Level 5 of the Dungeon
  3752 | D:5      | Reached skill level 6 in Unarmed Combat
  3782 | D:5      | Found a glowing silver altar of Zin.
  3924 | D:5      | Found Westryfad's Antique Armour Emporium.
  3967 | D:5      | Found Issoev's Distillery.
  3987 | D:5      | Found Sujamicomil's General Store.
  4219 | D:5      | Reached XP level 8. HP: 75/79 MP: 7/7
  4394 | D:6      | Found a transporter.
  4412 | D:6      | Reached skill level 7 in Unarmed Combat
  4625 | D:6      | Found a transporter.
  4774 | D:6      | Found a white marble altar of Elyvilon.
  5050 | D:6      | Noticed a hippogriff
  5059 | D:6      | Killed a hippogriff
  5059 | D:6      | Reached skill level 8 in Unarmed Combat
  5430 | D:7      | Reached skill level 9 in Unarmed Combat
  5451 | D:7      | HP: 18/79 [something/magic dart (4)]
  5454 | D:6      | Slain by a wraith

Skill      XL: |  1  2  3  4  5  6  7  8 |
---------------+-------------------------+-----
Dodging        | 3 4 |  4.0
Fighting       | 3 4 |  4.3
Unarmed Combat | 4 6 9 |  9.4
Stealth        | 2 |  2.3

Action                   |  1- 3 |  4- 6 |  7- 9 || total
-------------------------+-------+-------+-------++-------
Melee: Unarmed           |    77 |   127 |   116 ||   320
       Punch             |       |       |     2 ||     2
Invok: Injury Mirror     |       |       |     1 ||     1
  Use: Scroll            |       |     2 |       ||     2
 Stab: Sleeping          |     5 |     4 |     5 ||    14
       Distracted        |     1 |       |       ||     1
  Eat: Chunk             |    17 |    16 |    22 ||    55
Armor: Robe              |    25 |    34 |    40 ||    99
Dodge: Dodged            |    34 |    47 |    58 ||   139

Vault maps used:
D:1:      dpeg_arrival_brainrot, lemuel_old_faithful
D:3:      nicolae_overflow_crystal_walls, cheibriados_altar_1,
          lemuel_doored_altar, grunt_qazlal_clouds, tgw_trog, minitemple
D:4:      okawaru_gym_becter, marbit_many_paths, minmay_temple_entry_overgrown,
          first_ration, minmay_stone_trees_medium
D:5:      zin_statuary, serial_shops, nicolae_shop_trees, shop,
          nicolae_shop_window_shopping
D:6:      gammafunk_cloud_chamber, elyvilon_altar_4
D:7:      minivault_26, uniq_crazy_yiuf_cottage, uniq_joseph
Temple:   chequers_temple_sunken

Table legend:
 A = Turns spent in this place as a percentage of turns spent in the entire game.
 B = Non-inter-level travel turns spent in this place as a percentage of non-inter-level travel turns spent in the entire game.
 C = Inter-level travel turns spent in this place as a percentage of turns spent in this place.
 D = Turns resting spent in this place as a percentage of non-inter-level travel turns spent in this place.
 E = Turns spent auto-exploring this place as a percentage of non-inter-level travel turns spent in this place.
 F = Non-inter-level travel turns spent in this place divided by the number of levels of this place that you've seen.
                   A       B       C       D       E      F
               +-------+-------+-------+-------+-------+----------------------
         Total | 100.0 | 100.0 |   3.0 |   4.1 |  76.3 | 661.0
       Dungeon |  96.6 |  96.9 |   2.8 |   4.2 |  75.7 | 731.7
        Temple |   3.4 |   3.1 |  10.8 |   0.0 |  96.4 | 166.0
               +-------+-------+-------+-------+-------+----------------------

Table legend:
 A = Kills in this place as a percentage of kills in entire the game.
 B = Kills by you in this place as a percentage of kills by you in the entire game.
 C = Kills by friends in this place as a percentage of kills by friends in the entire game.
 D = Other kills in this place as a percentage of other kills in the entire game.
 E = Experience gained in this place as a percentage of experience gained in the entire game.
 F = Experience gained in this place divided by the number of levels of this place that you have seen.
                   A       B       C       D       E      F
               +-------+-------+-------+-------+-------+----------------------
         Total | 100.0 | 100.0 |   N/A |   N/A | 100.0 | 304.4
       Dungeon | 100.0 | 100.0 |   N/A |   N/A | 100.0 | 347.9
               +-------+-------+-------+-------+-------+----------------------
